 Dungeon Crawl Stone Soup version 0.24.0-123-gd5b16e6ec5 (webtiles) character file.

Game seed: 14114416893929102084, levelgen mode: deterministic

1534 Delamore the Cleaver (level 9, 0/64 HPs)
             Began as a Formicid Fighter on Jan 10, 2020.
             Shot with an arrow by a centaur (12 damage)
             ... on level 8 of the Dungeon.
             The game lasted 00:04:17 (3987 turns).

Delamore the Cleaver (Formicid Fighter)             Turns: 3987, Time: 00:04:17

Health: 0/64       AC:  6    Str: 24    XL:     9   Next: 11%
Magic:  9/9        EV:  8    Int: 11    God:
Gold:   171        SH: 11    Dex: 10    Spells: 8/8 levels left

rFire    . . .     SeeInvis +   v - +4 war axe of Due Proportion {venom, Int+3}
rCold    . . .     Gourm    .   c - +0 shield
rNeg     . . .     Faith    .   b - +0 scale mail
rPois    .         Spirit   .   (helmet unavailable)
rElec    .         Reflect  +   (no cloak)
rCorr    .         Harm     .   (no gloves)
MR       .....                  (no boots)
Stlth    ..........             x - +2 amulet of reflection
HPRegen  0.20/turn              (no ring)
MPRegen  0.11/turn              (no ring)

@: no status effects
A: permanent stasis, dig shafts and tunnels, four strong arms, antennae 3
a: Dig, Shaft Self


You were on level 8 of the Dungeon.
You were not hungry.

You visited 1 branch of the dungeon, and saw 6 of its levels.

You collected 267 gold pieces.
You spent 96 gold pieces at shops.

Inventory:

Hand Weapons
 a - a +0 war axe
 v - the +4 war axe of Due Proportion (weapon) {venom, Int+3}
   (You found it on level 4 of the Dungeon)

   It poisons the flesh of those it strikes.
   It affects your intelligence (+3).
Missiles
 q - 41 poisoned darts (quivered)
 r - 7 atropa-tipped darts
Armour
 b - a +0 scale mail (worn)
 c - a +0 shield (worn)
Jewellery
 x - a +2 amulet of reflection (around neck)
Wands
 t - a wand of enslavement (6)
 w - a wand of random effects (21)
 y - a wand of polymorph (5)
 z - a wand of iceblast (9)
Scrolls
 e - 2 scrolls of teleportation {unknown}
 i - 5 scrolls of remove curse {unknown}
 j - 9 scrolls of identify {unknown}
 l - a scroll of magic mapping {unknown}
 m - 3 scrolls of enchant weapon {unknown}
 n - 2 scrolls of noise {unknown}
 u - 4 scrolls of random uselessness {unknown}
 B - a scroll of acquirement {unknown}
Potions
 d - a potion of might
 g - 5 potions of haste {unknown}
 h - 8 potions of curing
 k - 4 potions of heal wounds
 o - a potion of berserk rage {unknown}
 p - 3 potions of lignification {unknown}
 s - 2 potions of flight {unknown}
Comestibles
 f - 9 rations
 A - 3 chunks of flesh


   Skills:
 - Level 3.2 Fighting
 + Level 10.8 Axes
 - Level 3.2 Armour
 - Level 3.6 Shields


You had 8 spell levels left.
You didn't know any spells.
Your spell library was empty.

Dungeon Overview and Level Annotations

Branches:
Dungeon (5/15)
 Temple: D:4-7

Altars:
Ashenzari
Fedhas
Gozag
Nemelex Xobeh
Zin

Shops:
D:4 !


Innate Abilities, Weirdness & Mutations

You cannot be hasted, slowed, berserked, paralysed or teleported.
You can dig through walls and to a lower floor.
Your four strong arms can wield two-handed weapons with a shield.
You have a pair of large antennae on your head. (SInv)


Message History

The centaur shouts!
The centaur wields a +0 shortbow.
The centaur shoots an arrow.
The arrow hits you.
* * * LOW HITPOINT WARNING * * *
You see here an arrow.
The centaur shoots an arrow.
You reflect the arrow off an invisible shield around you!
The arrow barely misses the centaur.
The centaur shoots an arrow.
The arrow closely misses you.
The arrow hits the two-headed ogre!
The two-headed ogre dies!
Your Axes skill increases to level 10!
You have reached level 9!
Your experience leads to an increase in your attributes!
Your base attributes are Str 23, Int 8, Dex 10.
Increase (S)trength, (I)ntelligence, or (D)exterity?
Uppercase letters only, please.
You feel stronger.
There is a stone staircase leading up here.
The centaur shoots an arrow.
The arrow hits you!
You die...

##..รท..............#
#.......####!....#
#.#....## #.....#
...#..#.#####.....#
#####.#...........#
..####......### ####
#......#
#.?..(.########
#....).@...c.(#
#......#####.##
#.....!# ####.###
.... #.... #... #..


You could see a centaur.

Vanquished Creatures
  Edmund (D:5)
  An ice beast (D:5)
  An ogre (D:5)
  A bullfrog (D:8)
  A scorpion (D:4)
  2 crimson imps
  A bullfrog zombie (D:5)
  An orc wizard (D:3)
  2 hounds
  Ijyb (D:5)
  An iguana (D:5)
  Natasha (thrice) (D:2)
  2 worker ants (D:4)
  Terence (D:2)
  6 adders
  3 oozes
  3 dart slugs
  A worm (D:2)
  2 leopard geckos
  7 orcs
  4 giant cockroaches
  12 hobgoblins
  4 jackals (D:2)
  A quokka (D:5)
  A ball python (D:3)
  11 bats
  4 frilled lizards
  9 goblins
  6 kobolds
  10 rats
103 creatures vanquished.

Vanquished Creatures (others)
  A two-headed ogre (D:8)
1 creature vanquished.

Grand Total: 104 creatures vanquished

Notes
Turn   | Place    | Note
-------+----------+-------------------------------------------
     0 | D:1      | Delamore the Formicid Fighter began the quest for the Orb.
     0 | D:1      | Reached XP level 1. HP: 18/18 MP: 1/1
   107 | D:1      | Reached XP level 2. HP: 24/24 MP: 2/2
   464 | D:1      | Reached skill level 3 in Axes
   503 | D:1      | Reached XP level 3. HP: 24/29 MP: 3/3
   678 | D:2      | You fall into a shaft and drop 2 floors!
   678 | D:4      | Found Irifek's Distillery.
   698 | D:3      | Reached skill level 4 in Axes
   698 | D:3      | Reached XP level 4. HP: 34/35 MP: 4/4
  1063 | D:2      | Noticed Natasha
  1073 | D:2      | Killed Natasha
  1177 | D:2      | Noticed Natasha
  1185 | D:2      | Killed Natasha
  1185 | D:2      | Reached skill level 5 in Axes
  1185 | D:2      | Reached XP level 5. HP: 35/41 MP: 5/5
  1343 | D:2      | Noticed Terence
  1356 | D:2      | Killed Terence
  1511 | D:2      | Found a sparkling altar of Nemelex Xobeh.
  1640 | D:2      | Noticed Natasha
  1650 | D:2      | Killed Natasha
  1650 | D:2      | Reached XP level 6. HP: 42/47 MP: 6/6
  1662 | D:2      | Reached skill level 6 in Axes
  1749 | D:2      | Found a shattered altar of Ashenzari.
  1749 | D:2      | Found a glowing silver altar of Zin.
  2639 | D:4      | Reached XP level 7. HP: 18/52 MP: 7/7
  2920 | D:4      | Reached skill level 7 in Axes
  2925 | D:4      | Got a transparent war axe
  2926 | D:4      | Identified the +4 war axe of Due Proportion {venom, Int+3}
                  | (You found it on level 4 of the Dungeon)
  2928 | D:4      | Bought a potion of heal wounds for 60 gold pieces
  2928 | D:4      | Bought a potion of curing for 36 gold pieces
  2988 | D:4      | Found a blossoming altar of Fedhas.
  3125 | D:5      | Entered Level 5 of the Dungeon
  3125 | D:5      | Noticed Edmund
  3125 | D:5      | Noticed Ijyb
  3140 | D:5      | Killed Edmund
  3150 | D:5      | Killed Ijyb
  3175 | D:5      | Reached skill level 8 in Axes
  3346 | D:5      | Found an opulent altar of Gozag.
  3389 | D:5      | Reached XP level 8. HP: 42/58 MP: 8/8
  3520 | D:5      | Reached skill level 9 in Axes
  3871 | D:5      | You fall into a shaft and drop 3 floors!
  3961 | D:8      | Noticed a two-headed ogre
  3986 | D:8      | Killed a two-headed ogre
  3986 | D:8      | Reached skill level 10 in Axes
  3986 | D:8      | Reached XP level 9. HP: 12/64 MP: 9/9
  3987 | D:8      | Shot with an arrow by a centaur

Levels and vault maps discovered:
D:1:      shiori_arrival_oz, layout_basic, hex_tiny, minmay_cupped
D:2:      layout_basic, nemelex_xobeh_ov_fountains_minmay,
          gammafunk_temple_overflow_elements, minmay_tetromino_l4, uniq_terence,
          uniq_natasha
D:3:      minmay_bubble_buster, layout_basic, first_ration
D:4:      layout_gridville, serial_shops, shop, kennysheep_pointless_box,
          minmay_misc_feat_chi, fedhas_altar_1
D:5:      layout_layer_cave, lemuel_doored_altar, uniq_edmund, uniq_ijyb
D:8:      layout_basic, minmay_nine_imps

Skill      XL: |  1  2  3  4  5  6  7  8 |
---------------+-------------------------+-----
Axes           | 3 4 5 6 8 10 | 10.8
Fighting       | |  3.2
Armour         | |  3.2
Shields        | |  3.6

Action                   |  1- 3 |  4- 6 |  7- 9 || total
-------------------------+-------+-------+-------++-------
Melee: War axe           |    68 |   212 |    69 ||   349
       Unarmed           |       |       |    17 ||    17
Throw: Dart              |       |     6 |     2 ||     8
  Use: Potion            |       |       |     1 ||     1
 Stab: Confused          |       |       |     1 ||     1
  Eat: Chunk             |       |     6 |     4 ||    10
Armor: Scale mail        |    37 |    85 |    10 ||   132
       Skin              |       |       |     3 ||     3
Dodge: Dodged            |    18 |    78 |    24 ||   120
Block: Shield            |    41 |   119 |    36 ||   196
       Reflection        |       |       |     1 ||     1
